 Dungeon Crawl Stone Soup version 0.31-a0-217-g58bb5d79cf (webtiles) character file.

Game seed: 5888574967826142284

103 qw the Shooter (level 4, 0/36 HPs)
             Began as a Minotaur Hexslinger on July 2, 2023.
             Slain by Ijyb
             ... wielding a +0 club
              (2 damage)
             ... on level 3 of the Dungeon.
             The game lasted 00:00:51 (2003 turns).

qw the Shooter (Minotaur Hexslinger)                Turns: 2003, Time: 00:00:51

Health: 0/36       AC:  0    Str: 13    XL:     4   Next: 51%
Magic:  4/4        EV: 14    Int: 10    God:
Gold:   128        SH:  0    Dex: 14    Spells: 4/5 levels left

rFire   . . .        Y - melded +1 sling
rCold   . . .        (shield currently unavailable)
rNeg    . . .        b - melded +0 leather armour
rPois   .            (helmet currently unavailable)
rElec   .            (cloak currently unavailable)
rCorr   .            (gloves currently unavailable)
SInv    .            (boots currently unavailable)
Will    .....        (no amulet)
Stlth   +            (ring currently unavailable)
HPRegen 0.26/turn    (ring currently unavailable)
MPRegen 0.09/turn

%: no passive effects
@: pig-form, very quick
A: fast, no casting, small, (horns 2), (retaliatory headbutt)
a: no special abilities


You were on level 3 of the Dungeon.
You were a filthy swine.
You visited 1 branch of the dungeon, and saw 3 of its levels.

You collected 128 gold pieces.


Innate Abilities, Weirdness & Mutations

You are a filthy swine.
You move quickly.
Your equipment is almost entirely melded.
You are incapable of wielding weapons or throwing items.
You cannot cast spells.
((You have a pair of horns on your head.))
((You reflexively headbutt those who attack you in melee.))


   Skills:
 + Level 2.2 Fighting
 - Level 5.0 Ranged Weapons
 - Level 2.1 Dodging
 - Level 1.0 Spellcasting
 - Level 2.0 Hexes


You had 4 spell levels left.
You knew the following spells:

 Your Spells              Type           Power      Damage    Failure   Level
a - Slow                  Hex            16%        N/A       16%         1

Your spell library contained the following spells:

 Spells                   Type           Power      Damage    Failure   Level
 Inner Flame              Hex/Fire       2%         N/A       56%         3
 Portal Projectile        Hex/Tloc       4%         N/A       56%         3
 Cause Fear               Hex            2%         N/A       83%         4

Inventory:

Hand Weapons
 Y - a +1 sling (melded)
Armour
 b - a +0 leather armour (melded)
Potions
 f - a potion of brilliance {unknown}
 g - a potion of heal wounds {unknown}
 h - a potion of mutation {unknown}
 j - a potion of lignification {unknown}

Dungeon Overview and Level Annotations

Branches:
Dungeon (3/15)

Altars:
Sif Muna

Shops:
D:1 =

Annotations:
D:3 Ijyb, Jessica


Message History

The sling bullet hits Ijyb but does no damage.
Ijyb is lightly wounded.
Ijyb misses you.
You shoot a sling bullet.
The sling bullet completely misses Ijyb.
Ijyb hits you with a +0 club.
You shoot a sling bullet.
The sling bullet hits Ijyb but does no damage.
Ijyb is lightly wounded.
Ijyb hits you with a +0 club.
You shoot a sling bullet. The sling bullet misses Ijyb.
Ijyb grins evilly.
Ijyb zaps a wand.
You resist with some effort. Jessica hits you with a +0 dagger.
You shoot a sling bullet. The sling bullet closely misses Ijyb.
Ijyb screams, "No!
No, no, no, no!"
Ijyb closely misses you.
Jessica grins evilly.
Jessica points at you and mumbles some strange words.
Pain shoots through your body!
Ijyb zaps a wand.
You turn into a filthy swine.
Your +1 sling melds into your body.
Your +0 leather armour melds into your body.
Jessica closely misses you.
You closely miss Ijyb.
Ijyb is lightly wounded.
Jessica hits you with a +0 dagger. Ijyb hits you with a +0 club.
You closely miss Ijyb.
Ijyb is lightly wounded.
Ijyb barely misses you. Jessica closely misses you.
You hit Ijyb.
Ijyb is lightly wounded.
You barely miss Ijyb.
Ijyb is lightly wounded.
Ijyb hits you with a +0 club. Jessica gestures at you while chanting.
Pain shoots through your body!
You miss Ijyb.
Ijyb is lightly wounded.
Ijyb hits you with a +0 club.
You die...

##.# ##.# ######### 777.g# #..#
#>..o.... 77..7.# #..# #.#######
77..77.# #..# #.#
7...7#.777777#### #..# #.#
7..7777g....77..# #>.# #<#
78......777...7.# #..# #.# ###
7_..\.777#7777gh###..# #.# #..
78.....77.......@....# #.# #.#
7..7777.777#########.###.#####.#
77.77.7...77 #........<..#
77.7.7777.#########.###.#######
7.7...##.##..........#.#######
77.................#.#........
#.##.#####.######.#.#########
#.##.# # #.#.#


You could see Ijyb and Jessica.

Vanquished Creatures
  4 adders (D:2)
  2 worms (D:2)
  3 orcs
  5 bats
  5 endoplasms
  A giant cockroach (D:1)
  8 goblins
  4 hobgoblins
  7 jackals
  3 kobolds
  A quokka (D:2)
  4 ball pythons
  5 frilled lizards
  3 rats
55 creatures vanquished.

Notes
Turn   | Place    | Note
-------+----------+-------------------------------------------
     0 | D:1      | qw the Minotaur Hexslinger began the quest for the Orb.
     0 | D:1      | Reached XP level 1. HP: 16/16 MP: 1/1
     0 | D:1      | 0 ||| qw: Version: 0.3-a-40-ge99b1a8
     0 | D:1      | 0 ||| qw: Game counter: 8000
     0 | D:1      | 0 ||| qw: Melee chars always use a shield: true
     0 | D:1      | 0 ||| qw: God list: Okawaru
     0 | D:1      | 0 ||| qw: Allow faded altars: false
     0 | D:1      | 0 ||| qw: Do Orc after clearing Dungeon:15 true
     0 | D:1      | 0 ||| qw: Do second Lair branch before Depths: true
     0 | D:1      | 0 ||| qw: Lair rune preference: random
     0 | D:1      | 0 ||| qw: Goals: Normal
     0 | D:1      | 0 ||| PLANNING D:1-11
   148 | D:1      | Reached skill level 3 in Ranged Weapons
   152 | D:1      | Reached XP level 2. HP: 23/23 MP: 2/2
   162 | D:1      | Found Ikysual's Jewellery Boutique.
   167 | D:1      | 167 ||| SHOPLISTING +4 ring of protection (432 gold, have
                  | 6).
   167 | D:1      | 167 ||| SHOPLISTING +5 ring of evasion (432 gold, have 6).
   167 | D:1      | 167 ||| SHOPLISTING amulet "Neech" {RegenMP Rampage Will+
                  | SInv} (561 gold, have 6).
   167 | D:1      | 167 ||| SHOPLISTING amulet of the acrobat (360 gold, have
                  | 6).
   167 | D:1      | 167 ||| SHOPLISTING ring of ice (300 gold, have 6).
   167 | D:1      | 167 ||| SHOPLISTING ring of positive energy (240 gold, have
                  | 6).
   167 | D:1      | 167 ||| SHOPLISTING ring of resist corrosion (240 gold,
                  | have 6).
   915 | D:1      | 915 ||| READING scroll labelled YSOPSE LEZERUE.
   916 | D:1      | 916 ||| READING scroll labelled RALEBI EPHOHE.
   917 | D:1      | 917 ||| READING scroll labelled WUSUASS WURIENN.
   918 | D:1      | 918 ||| READING scroll labelled PAICUILAUW.
   919 | D:1      | 919 ||| DROPPING scroll of poison.
   964 | D:2      | Reached XP level 3. HP: 29/29 MP: 3/3
  1168 | D:2      | Reached skill level 4 in Ranged Weapons
  1331 | D:2      | Found a shimmering blue altar of Sif Muna.
  1335 | D:2      | Reached XP level 4. HP: 36/36 MP: 4/4
  1697 | D:2      | 1697 ||| UPGRADING to +0 leather armour.
  1707 | D:2      | 1707 ||| DROPPING +0 robe.
  1708 | D:2      | 1708 ||| READING scroll labelled YSHEPHA DICU.
  1709 | D:2      | 1709 ||| READING scroll labelled USTREB ULOS.
  1761 | D:3      | Reached skill level 5 in Ranged Weapons
  1761 | D:3      | 1761 ||| FLEEEEING.
  1763 | D:3      | 1763 ||| FLEEEEING.
  1764 | D:3      | 1764 ||| FLEEEEING.
  1766 | D:3      | 1766 ||| FLEEEEING.
  1767 | D:3      | 1767 ||| FLEEEEING.
  1768 | D:3      | 1768 ||| FLEEEEING.
  1769 | D:3      | 1769 ||| FLEEEEING.
  1771 | D:3      | 1771 ||| FLEEEEING.
  1772 | D:3      | 1772 ||| FLEEEEING.
  1773 | D:3      | 1773 ||| FLEEEEING.
  1774 | D:3      | 1774 ||| FLEEEEING.
  1775 | D:3      | 1775 ||| FLEEEEING.
  1776 | D:3      | 1776 ||| FLEEEEING.
  1777 | D:3      | 1777 ||| FLEEEEING.
  1778 | D:3      | 1778 ||| FLEEEEING.
  1779 | D:3      | 1779 ||| FLEEEEING.
  1781 | D:3      | 1781 ||| FLEEEEING.
  1782 | D:3      | 1782 ||| STAIRDANCE
  1803 | D:3      | 1803 ||| STAIRDANCE
  1865 | D:3      | Found a faded altar of an unknown god.
  1951 | D:3      | Noticed Ijyb
  1956 | D:3      | 1956 ||| FLEEEEING.
  1957 | D:3      | 1957 ||| FLEEEEING.
  1958 | D:3      | 1958 ||| FLEEEEING.
  1959 | D:3      | 1959 ||| FLEEEEING.
  1960 | D:3      | 1960 ||| FLEEEEING.
  1961 | D:3      | 1961 ||| FLEEEEING.
  1977 | D:3      | 1977 ||| FLEEEEING.
  1978 | D:3      | 1978 ||| FLEEEEING.
  1979 | D:3      | 1979 ||| FLEEEEING.
  1980 | D:3      | 1980 ||| FLEEEEING.
  1981 | D:3      | 1981 ||| FLEEEEING.
  1986 | D:3      | 1986 ||| FLEEEEING.
  1987 | D:3      | 1987 ||| FLEEEEING.
  1987 | D:3      | Noticed Jessica
  1988 | D:3      | 1988 ||| Stepping ~*~*~tactically~*~*~ (outnumbered).
  1992 | D:3      | 1992 ||| Stepping ~*~*~tactically~*~*~ (outnumbered).
  2002 | D:3      | HP: 2/36 [Jessica/nerve-wracking pain (12)]
  2003 | D:3      | Slain by Ijyb

Levels and vault maps discovered:
D:1:      amcnicky_arrival_underground_garden, layout_basic, serial_shops, shop,
          grunt_decor_arrowhead
D:2:      layout_basic, basic_altar, minmay_misc_feat_doors,
          minmay_misc_feat_room
D:3:      layout_loops_ring, gammafunk_temple_overflow_claw,
          shapermc_ecumenical_altar_totnotflames, uniq_ijyb, uniq_jessica

Skill      XL: |  1  2  3  4 |
---------------+-------------+-----
Ranged Weapons | 3 4 5 |  5.0
Fighting       | 2 |  2.2
Dodging        | |  2.1
Spellcasting   | |  1.0
Hexes          | |  2.0

Action                     |  1- 3 |  4- 6 || total
---------------------------+-------+-------++-------
  Melee: Unarmed           |       |     5 ||     5
   Fire: Sling             |   101 |    66 ||   167
    Use: Scroll            |     4 |     2 ||     6
 Armour: Robe              |    10 |     1 ||    11
         Leather armour    |       |     5 ||     5
  Dodge: Dodged            |    29 |    22 ||    51

Table legend:
 A = Non-vault XP
 B = Vault XP
 C = Vault XP percentage of total XP
 D = Non-vault monster count
 E = Vault monster count
 F = Vault count percentage of total count
                 A         B        C        D         E       F
            +---------+---------+-------+---------+---------+-------
      Total |     148 |       0 |   0.0 |      55 |       0 |   0.0
            +---------+---------+-------+---------+---------+-------
        D:1 |      39 |       0 |   0.0 |      25 |       0 |   0.0
        D:2 |      95 |       0 |   0.0 |      24 |       0 |   0.0
        D:3 |      14 |       0 |   0.0 |       6 |       0 |   0.0
            +---------+---------+-------+---------+---------+-------
